 Dungeon Crawl Stone Soup version 0.28.0-47-ge53b351184 (webtiles) character file.

Game seed: 11061434160983568610

323 nickcage the Basher (level 6, -2/51 HPs)
             Began as a Minotaur Abyssal Knight on May 3, 2022.
             Was a Believer of Lugonu.
             Killed by nerve-wracking pain
             ... invoked by Menkaure
              (6 damage)
             ... on level 4 of the Dungeon.
             The game lasted 00:05:17 (3300 turns).

nickcage the Basher (Minotaur Abyssal Knight)       Turns: 3300, Time: 00:05:17

Health: -2/51      AC:  9    Str: 19    XL:     6   Next: 23%
Magic:  6/6        EV: 10    Int:  7    God:    Lugonu [**....]
Gold:   86         SH:  0    Dex: 11    Spells: 5/5 levels left

rFire   . . .      SeeInvis .   a - +1 mace
rCold   . . .      Faith    .   (no shield)
rNeg    . . .      Spirit   .   g - +0 ring mail
rPois   .          Reflect  .   (helmet restricted)
rElec   .          Harm     .   j - +0 cloak
rCorr   .          Rampage  .   k - +0 pair of gloves
Will    .....                   e - +1 pair of boots
Stlth   +.........              (no amulet)
HPRegen 0.17/turn               (no ring)
MPRegen 0.10/turn               (no ring)

@: no status effects
A: horns 2, retaliatory headbutt
a: Renounce Religion, Depart the Abyss, Bend Space


You were on level 4 of the Dungeon.
You worshipped Lugonu.
Lugonu was pleased with you.
You visited 1 branch of the dungeon, and saw 4 of its levels.
You visited the Abyss 1 time.

You collected 86 gold pieces.

Inventory:

Hand Weapons
 a - a +1 mace (weapon)
Missiles
 m - 6 poisoned darts
Armour
 b - a +0 leather armour
 e - a +1 pair of boots (worn)
 g - a +0 ring mail (worn)
 j - a +0 cloak (worn)
 k - a +0 pair of gloves (worn)
Scrolls
 c - 4 scrolls of identify {unknown}
 d - a scroll of magic mapping {unknown}
 f - a scroll of teleportation {unknown}
Potions
 h - a potion of curing {unknown}
 i - a potion of lignification {unknown}
 l - a potion of mutation {unknown}
 n - a potion of attraction {unknown}
 o - a potion of might {unknown}


   Skills:
 - Level 3.6 Fighting
 + Level 8.0 Maces & Flails
 - Level 2.4 Armour
 - Level 1.1 Dodging
 - Level 1.7 Invocations


You had 5 spell levels left.
You didn't know any spells.
Your spell library contained the following spells:

 Spells                   Type           Power      Damage    Failure   Level
 Summon Forest            Summ/Tloc      0%         N/A       100%        5
 Summon Mana Viper        Hex/Summ       0%         N/A       100%        5
 Summon Cactus Giant      Summ           0%         N/A       100%        6


Dungeon Overview and Level Annotations

Branches:
Dungeon (4/15)
 Temple: D:4-7

Altars:
Dithmenos
Sif Muna
Uskayaw
Vehumet
Xom

Annotations:
D:4 Menkaure


Innate Abilities, Weirdness & Mutations

You have a pair of horns on your head.
You reflexively headbutt those who attack you in melee.


Message History

You kill the kobold!
Lugonu accepts your kill.
No target in view!
There is a stone staircase leading down here.
Things that are here:
a +0 dagger; 3 stones; a kobold corpse
Found a shimmering altar of Xom.
Found 21 stones.
Found a chain mail.
n - a glowing coppery potion
o - a grey potion Menkaure, Prince of Dust comes into view.
Menkaure shouts!
Menkaure mumbles some strange words.
Menkaure seems to speed up.
Level annotation: Menkaure Welcome back, nickcage the Minotaur Abyssal Knight.
Lugonu says: Spread carnage and corruption!
Press ? for a list of commands and other information.
Found a pair of gloves.
Menkaure calls on the powers of darkness!
Your body is wracked with pain!
Menkaure hits you but does no damage.
You hit Menkaure.
Menkaure is lightly damaged.
Menkaure hits you!
* * * LOW HITPOINT WARNING * * *
Menkaure hits you!
* * * LOW HITPOINT WARNING * * *
You are too injured to fight recklessly!
You hit Menkaure.
Menkaure is moderately damaged.
Menkaure calls on the powers of darkness!
Your body is wracked with pain!
* * * LOW HITPOINT WARNING * * *
You hit Menkaure. You headbutt Menkaure.
Menkaure is severely damaged.
Menkaure points at you and mumbles some strange words.
Pain shoots through your body!
You die...

#.....##..# #.
####........## . #.
#..#........#
..##.####...........#
[.........####......#
...........# #....###
..........## ##.###
........### ###
.......@.#
......M...#
.........##
......#.## .##...#..
#....... #.......
##.. #..#


You could see Menkaure (fast).

Vanquished Creatures
  Grinder (D:3)
  2 adders
  2 worms
  4 dart slugs
  10 orcs
  3 ball pythons
  6 endoplasms
  4 giant cockroaches
  3 goblins
  10 hobgoblins
  7 jackals
  2 quokkas
  4 bats
  A frilled lizard (D:3)
  8 kobolds
  5 rats
72 creatures vanquished.

Notes
Turn   | Place    | Note
-------+----------+-------------------------------------------
     0 | Abyss:1  | nickcage the Minotaur Abyssal Knight began the quest for
                  | the Orb.
     0 | Abyss:1  | Reached XP level 1. HP: 19/19 MP: 1/1
     4 | D:1      | Escaped the Abyss
    24 | D:1      | Found a faded altar of an unknown god.
    41 | D:1      | Reached skill level 3 in Maces & Flails
    43 | D:1      | Reached XP level 2. HP: 21/26 MP: 2/2
   488 | D:1      | Reached skill level 4 in Maces & Flails
   952 | D:2      | Reached XP level 3. HP: 30/31 MP: 3/3
  1068 | D:2      | Reached ** piety under Lugonu
  1301 | D:2      | Reached skill level 5 in Maces & Flails
  1837 | D:3      | Reached XP level 4. HP: 39/39 MP: 4/4
  1971 | D:3      | Found a shimmering blue altar of Sif Muna.
  2105 | D:3      | Found a hide-covered altar of Uskayaw.
  2213 | D:3      | Found a shadowy altar of Dithmenos.
  2494 | D:3      | Noticed Grinder
  2499 | D:3      | Paralysed by Grinder for 4 turns
  2504 | D:3      | Killed Grinder
  2505 | D:3      | Reached skill level 7 in Maces & Flails
  2505 | D:3      | Reached XP level 5. HP: 6/45 MP: 5/5
  2505 | D:3      | Reached XP level 6. HP: 6/51 MP: 6/6
  2820 | D:3      | Reached skill level 8 in Maces & Flails
  2894 | D:3      | Found a radiant altar of Vehumet.
  3252 | D:4      | Found a shimmering altar of Xom.
  3293 | D:4      | Noticed Menkaure
  3300 | D:4      | Killed from afar by Menkaure

Illustrated notes

Levels and vault maps discovered:
D:1:      wander_arrival_peaceful_grave, layout_basic,
          ebering_ecumenical_altar_abandoned
D:2:      layout_basic, amcnicky_mini_corridor_feature
D:3:      layout_loops_ring, nicolae_overflow_quartered_altars,
          kennysheep_doodads, uniq_grinder
D:4:      minmay_angry_zag, layout_cave_pools, old_standard_altar, uniq_pikel,
          uniq_menkaure

Skill      XL: |  1  2  3  4  5  6 |
---------------+-------------------+-----
Maces & Flails | 3 4 5 7 8 |  8.0
Fighting       | |  3.6
Armour         | |  2.4
Dodging        | |  1.1
Invocations    | |  1.7

Action                   |  1- 3 |  4- 6 || total
-------------------------+-------+-------++-------
Melee: Mace              |    75 |    60 ||   135
       Headbutt          |    14 |    10 ||    24
       Punch             |     1 |     1 ||     2
Armor: Leather armour    |    29 |       ||    29
       Ring mail         |       |    18 ||    18
Dodge: Dodged            |    45 |    30 ||    75
